 Dungeon Crawl Stone Soup version 0.30-a0-358-g0d69a1922f (webtiles) character file.

Game seed: 3841821903322920551

103 Hubris850 the Trooper (level 4, -7/40 HPs)
             Began as a Hill Orc Fighter on Nov 9, 2022.
             Mangled by an iguana (11 damage)
             ... on level 5 of the Dungeon.
             The game lasted 00:03:58 (1748 turns).

Hubris850 the Trooper (Hill Orc Fighter)            Turns: 1748, Time: 00:03:58

Health: -7/40      AC:  7    Str: 20    XL:     4   Next: 79%
Magic:  4/4        EV:  9    Int:  8    God:
Gold:   95         SH:  4    Dex: 10    Spells: 3/3 levels left

rFire   . . .      SeeInvis .    m - +2 spear (freeze)
rCold   . . .      Faith    .    c - +0 buckler
rNeg    . . .      Spirit   .    b - +0 scale mail
rPois   .          Reflect  .    (no helmet)
rElec   .          Harm     .    (no cloak)
rCorr   .          Rampage  .    (no gloves)
Will    .....                    (no boots)
Stlth   ..........               r - amulet of the acrobat
HPRegen 0.26/turn                (no ring)
MPRegen 0.09/turn                (no ring)

@: no status effects
A: no striking features
a: no special abilities


You were on level 5 of the Dungeon.
You visited 1 branch of the dungeon, and saw 4 of its levels.

You collected 95 gold pieces.

Inventory:

Hand Weapons
 a - a +0 war axe
 m - a +2 spear of freezing (weapon)
Missiles
 g - 3 boomerangs (quivered)
 k - 5 poisoned darts
Armour
 b - a +0 scale mail (worn)
 c - a +0 buckler (worn)
Jewellery
 r - an amulet of the acrobat (around neck)
Scrolls
 f - 2 scrolls of blinking {unknown}
 h - a scroll of identify {unknown}
 i - a scroll of noise {unknown}
 j - 3 scrolls of teleportation {unknown}
 l - a scroll of enchant weapon {unknown}
 o - 2 scrolls of enchant armour {unknown}
 q - a scroll of fog {unknown}
Potions
 d - a potion of heal wounds {unknown}
 e - a potion of berserk rage {unknown}
 n - 2 potions of degeneration {unknown}
 p - a potion of ambrosia {unknown}


   Skills:
 - Level 4.0 Fighting
 + Level 3.8 Axes
 + Level 1.4 Throwing
 + Level 4.0 Armour
 + Level 4.0 Shields


You had 3 spell levels left.
You didn't know any spells.
Your spell library contained the following spells:

 Spells                   Type           Power      Damage    Failure   Level
 Slow                     Hex            0%         N/A       85%         1
 Confusing Touch          Hex            0%         N/A       99%         3
 Vampiric Draining        Necr           0%         2d6       99%         3


Dungeon Overview and Level Annotations

Branches:
Dungeon (3/15)             Temple (0/1) D:5

Altars:


Message History

j - 3 scrolls labelled QUKAEN PACA (gained 1)
You open the door.
Found a dagger.
There is an open door here.
You open the door.
There is an open door here.
Found a black potion.
An iguana comes into view.
Found a staircase to the Ecumenical Temple.
The iguana hisses angrily.
You see here a black potion.
d - a black potion The iguana closely misses you.
You hit the iguana but do no damage. The iguana bites you!
You hit the iguana but do no damage. The iguana completely misses you.
You barely miss the iguana. The iguana bites you.
You hit the iguana. You freeze the iguana.
The iguana is moderately wounded.
The iguana bites you!
You hit the iguana but do no damage.
The iguana is moderately wounded.
The iguana completely misses you.
You hit the iguana but do no damage.
The iguana is moderately wounded.
You block the iguana's attack.
You closely miss the iguana.
The iguana is moderately wounded.
The iguana bites you!
* * * LOW HITPOINT WARNING * * *
You completely miss the iguana.
The iguana is moderately wounded.
The iguana bites you but does no damage.
You hit the iguana but do no damage.
The iguana is moderately wounded.
The iguana bites you.
* * * LOW HITPOINT WARNING * * *
You hit the iguana. You freeze the iguana.
The iguana is heavily wounded.
The iguana bites you!
You die...

#.# .. # .. #. ..
. .. .##.#.##. #
. ....#...
#.##.#.#...#
....#.#.>.#.# #.
#.l........ .
...#..@.#.#.# ..
......##.#.#.#.#
##.#...........#.
#.#.#.##.#....
...#.#....#.##.
#...............
########.#.###.#
#...# #.###


You could see an iguana.

Vanquished Creatures
  Ijyb (D:3)
  3 adders (D:2)
  An ufetubus (D:2)
  A worm (D:2)
  2 dart slugs
  3 ball pythons (D:1)
  2 endoplasms (D:1)
  4 giant cockroaches
  A goblin (D:2)
  6 hobgoblins
  5 kobolds
  5 bats
  A frilled lizard (D:1)
  3 rats
38 creatures vanquished.

Notes
Turn   | Place    | Note
-------+----------+-------------------------------------------
     0 | D:1      | Hubris850 the Hill Orc Fighter began the quest for the Orb.
     0 | D:1      | Reached XP level 1. HP: 19/19 MP: 1/1
    62 | D:1      | Reached XP level 2. HP: 22/27 MP: 2/2
   483 | D:1      | Found a faded altar of an unknown god.
   825 | D:2      | Reached XP level 3. HP: 30/33 MP: 3/3
  1064 | D:2      | Reached skill level 1 in Throwing
  1218 | D:2      | Reached XP level 4. HP: 39/40 MP: 4/4
  1627 | D:3      | Noticed Ijyb
  1638 | D:3      | Killed Ijyb
  1639 | D:3      | You fall into a shaft and drop 2 floors!
  1639 | D:5      | Entered Level 5 of the Dungeon
  1735 | D:5      | Found a staircase to the Ecumenical Temple.
  1748 | D:5      | Mangled by an iguana

Illustrated notes

Levels and vault maps discovered:
D:1:      scummos_arrival_gate, layout_loops_cross,
          hellmonk_ecumenical_altar_leap_of_faith
D:2:      layout_loops_ring, nicolae_hexahallways
D:3:      layout_loops_ring, grunt_ashenzari_visionary
          [grunt_ashenzari_visionary_swamp, grunt_ashenzari_visionary_spider],
          mainiacjoe_overflow_24_doors, uniq_ijyb, uniq_terence
D:5:      layout_loops_corners, minmay_temple_entry_ruins

Skill      XL: |  1  2  3  4 |
---------------+-------------+-----
Axes           | 3 |  3.8
Fighting       | 4 |  4.0
Throwing       | 1 |  1.4
Armour         | 4 |  4.0
Shields        | 4 |  4.0

Action                   |  1- 3 |  4- 6 || total
-------------------------+-------+-------++-------
Melee: War axe           |    50 |       ||    50
       Spear             |    67 |    31 ||    98
  Use: Potion            |       |     1 ||     1
Armor: Scale mail        |    46 |     8 ||    54
Dodge: Dodged            |    54 |     6 ||    60
Block: Buckler           |    25 |     5 ||    30

Table legend: (Time is in decaauts)
 A = Elapsed time spent in this place.
 B = Non-inter-level travel time spent in this place.
 C = Inter-level travel time spent in this place.
 D = Time resting spent in this place.
 E = Time spent auto-exploring this place.
 F = Levels seen in this place.
 G = Mean time per level.
                   A        B        C        D        E       F      G
               +--------+--------+--------+--------+--------+-----+--------+
         Total |   1772 |   1697 |     75 |      0 |   1275 |   4 |  443.0 |
       Dungeon |   1772 |   1697 |     75 |      0 |   1275 |   4 |  443.0 |
               +--------+--------+--------+--------+--------+-----+--------+

Top non-repeatable levels by time:
     D:2: 839 daAuts
     D:1: 793 daAuts
     D:5: 109 daAuts
     D:3: 30 daAuts
